 Dungeon Crawl Stone Soup version 0.31.0-32-g396128a36d (webtiles) character file.

Game seed: 13793588909169757675

1 Cheops the Shield-Bearer (level 1, 11/11 HPs)
             Began as a Vine Stalker Fighter on Apr 17, 2024.
             Got out of the dungeon alive.
             The game lasted 00:01:33 (72 turns).

Cheops the Shield-Bearer (Vine Stalker Fighter)       Turns: 72, Time: 00:01:33

Health: 11/11      AC:  6    Str: 18    XL:     1   Next: 20%
Magic:  2/2        EV:  9    Int:  8    God:
Gold:   0          SH:  4    Dex: 13    Spells: 0/0 levels left

rFire   . . .        a - +0 flail
rCold   . . .        c - +0 buckler
rNeg    . . .        e - +0 scale mail
rPois   .            (no helmet)
rElec   .            (no cloak)
rCorr   .            (no gloves)
SInv    .            (no boots)
Will    .....        (no amulet) Stlth
                     (no ring)
HPRegen 1.01/turn    (no ring)
MPRegen 0.08/turn

%: guardian spirit
@: no status effects
A: fangs 2, regeneration 1, magic shield, antimagic bite, no potion heal 2
a: no special abilities


You escaped.
You visited 1 branch of the dungeon, and saw 1 of its levels.

Inventory:

Hand Weapons
 a - a +0 flail (weapon)
 b - a +3 sling
Armour
 c - a +0 buckler (worn)
 e - a +0 scale mail (worn)
Potions
 d - a potion of might


   Skills:
 - Level 2.6 Fighting
 + Level 1.9 Maces & Flails
 - Level 2.4 Armour
 - Level 2.6 Shields


You couldn't memorise any spells.
You didn't know any spells.
Your spell library contained the following spells:

 Spells                   Type           Power      Damage    Failure   Level
 Summon Forest            Summ/Tloc      0%         N/A       100%        5
 Eringya's Noxious Bog    Alch           0%         4d6       100%        6
 Summon Hydra             Summ           0%         N/A       100%        7


Dungeon Overview and Level Annotations

Branches:
Dungeon (1/15)

Altars:


Innate Abilities, Weirdness & Mutations

You have extremely sharp teeth.
Your natural rate of healing is unusually fast.
When hurt, damage is shared between your health and your magic reserves.
Your bite disrupts and absorbs the magic of your enemies.
Potions cannot restore your health.


Message History

Adjust to which letter? (? for menu, Esc to quit)
b - a +3 sling;
e - a +0 scale mail (worn)
b - a +3 sling (weapon)
a - a +0 flail (weapon)
Unknown command.
No target in view!
No target in view!
No target in view!
You open the door.
There is an open door here.
As you open the door, it creaks loudly!
There is an open door here.
You pick up a Fen Folio and begin reading...
You add the spells Summon Forest, Eringya's Noxious Bog and Summon Hydra to your library.
You open the door.
There is an open door here.
You open the door.
There is an open door here.
A quokka comes into view.
A quokka is nearby!
A quokka is nearby!
A quokka is nearby!
Sorry, you're not good enough to have a special ability.
You hit the quokka but do no damage. Your bite misses the quokka.
The quokka barely misses you.
The quokka bites you but does no damage.
You hit the quokka. Your bite misses the quokka.
The quokka is almost dead.
The quokka bites you but does no damage. x2
You barely miss the quokka.
The quokka is almost dead.
You block the quokka's attack.
You hit the quokka.
You kill the quokka!
There is an open door here.
You open the door.
There is an open door here.
There is an open door here.
There is a staircase leading out of the dungeon here.
You have escaped!

### ####.# #.#.##+##
##.......# #...#.#..+ ...#
##..###..# ...#
#.....#'#####..#
##.....#.#...#..#
##...#..#.'.@.#..#
##...#.#.#.#...#..#
#......###.#...#..# #
#....#..##'#####..####.#..
#.....#.##..#...........#
+............'........#...
##...##...#..#.....##.#
#.#.#...##'#####..# #
#..#..#.#...# #..#


There were no monsters in sight!

Vanquished Creatures
  A quokka (D:1)
1 creature vanquished.

Notes
Turn   | Place    | Note
-------+----------+-------------------------------------------
     0 | D:1      | Cheops the Vine Stalker Fighter began the quest for the
                  | Orb.
     0 | D:1      | Reached XP level 1. HP: 11/11 MP: 2/2
    72 | D:$      | Got out of the dungeon alive.

Illustrated notes

Levels and vault maps discovered:
D:1:      arrival_zaba_pyramid, layout_basic, dreamdust_ecumenical_altar_grove,
          roderic_roman_lattice, chequers_serial_rivers_micro_d

Action                     || total
---------------------------++-------
  Melee: Flail             ||     4
 Armour: Scale mail        ||     3
  Dodge: Dodged            ||     1
  Block: Buckler           ||     1
